 Dungeon Crawl Stone Soup version 0.32-a0-702-gc29ba85809 (webtiles) character file.

Game seed: 14050403592511861813

272005 DeathSun the Slayer (level 19, -14/191 HPs)
             Began as a Minotaur Fighter on Mar 1, 2024.
             Was an Initiate of Gozag.
             Killed from afar by Norris (19 damage)
             ... with a torrent of water
             ... on level 1 of the Depths on Mar 14, 2024.
             The game lasted 02:13:10 (37889 turns).

DeathSun the Slayer (Minotaur Fighter)             Turns: 37889, Time: 02:13:11

Health: -14/191    AC: 29    Str: 36    XL:     19   Next: 47%
Magic:  18/25      EV: 17    Int:  7    God:    Gozag
Gold:   5205       SH:  4    Dex: 11    Spells: 18/28 levels left

rFire   + + .        L - +6 war axe of Disarray {vamp, Will+ Str+4 Int-3}
rCold   + + .        c - +0 buckler
rNeg    + + .        b - +5 pearl dragon scales
rPois   +            H - +2 hat
rElec   +            R - +0 cloak "Yskecsop" {rF+ Int+3}
rCorr   +            O - +0 pair of gloves
SInv    .            Z - +0 pair of boots of the Vacuum {rC+ rN+}
Will    ++...        z - amulet of regeneration Stlth
                     K - +5 ring of evasion
HPRegen 1.31/turn    W - +6 ring of strength
MPRegen 0.19/turn

%: no passive effects
@: resistant, hasted, studying 2 skills, very quick
A: horns 2, retaliatory headbutt
}: 2/15 runes: serpentine, barnacled
a: Renounce Religion, Potion Petition, Call Merchant, Bribe Branch


You were on level 1 of the Depths.
You worshipped Gozag.
Gozag was greatly pleased with you.
You visited 6 branches of the dungeon, and saw 31 of its levels.
You also visited: Sewer, Ossuary, Bailey, Gauntlet and Ice Cave.

You collected 14909 gold pieces.
You spent 2288 gold pieces at shops.
You paid 7416 gold pieces to Gozag.

Inventory:

Hand Weapons
 L - the +6 war axe of Disarray (weapon) {vamp, Will+ Str+4 Int-3}
   (You found it on level 13 of the Dungeon)

   Str+4:     It affects your strength (+4).
   Int-3:     It affects your intelligence (-3).
   Will+:     It increases your willpower.
 N - a +3 broad axe of protection
Armour
 b - +5 pearl dragon scales (worn)
 c - a +0 buckler (worn)
 H - a +2 hat (worn)
 O - a +0 pair of gloves (worn)
 R - the +0 cloak "Yskecsop" (worn) {rF+ Int+3}
   (You found it on level 5 of the Dungeon)

   Int+3:     It affects your intelligence (+3).
   rF+:       It protects you from fire.
 Z - the +0 pair of boots of the Vacuum (worn) {rC+ rN+}
   (You found it in a Gauntlet)

   rC+:       It protects you from cold.
   rN+:       It protects you from negative energy.
Jewellery
 z - an amulet of regeneration (around neck)
 C - a ring of resist corrosion
 K - a +5 ring of evasion (left hand)
 W - a +6 ring of strength (right hand)
 Y - the ring "Jomelis" {+Blink Fly rF- rN+ Str-4}
   (You found it in a Gauntlet)

   [ring of positive energy]

   Str-4:     It affects your strength (-4).
   rF-:       It makes you vulnerable to fire.
   rN+:       It protects you from negative energy.
   Fly:       It grants you flight.
   +Blink:    It lets you blink.
Talismans
 i - a granite talisman
Wands
 p - a wand of mindburst (12)
 D - a wand of light (5)
 P - a wand of charming (35)
 Q - a wand of flame (87) (quivered)
 U - a wand of polymorph (19)
 V - a wand of warping (22)
Scrolls
 d - 5 scrolls of fear
 e - 6 scrolls of vulnerability
 g - 4 scrolls of summoning
 m - 7 scrolls of immolation
 n - 3 scrolls of brand weapon
 o - 9 scrolls of enchant weapon
 q - 3 scrolls of torment
 r - a scroll of fog
 s - 6 scrolls of amnesia
 u - 8 scrolls of teleportation
 w - 5 scrolls of noise
 x - 4 scrolls of blinking
 A - 5 scrolls of silence
 E - 6 scrolls of revelation
Potions
 h - 13 potions of haste
 j - 5 potions of brilliance
 k - 2 potions of berserk rage
 l - 6 potions of curing
 t - 4 potions of invisibility
 v - a potion of ambrosia
 y - 6 potions of enlightenment
 B - 7 potions of magic
 F - 10 potions of might
 G - 3 potions of attraction
 I - 4 potions of resistance
 X - 7 potions of mutation
Miscellaneous
 a - a phial of floods
 M - a phantom mirror (inert)
 S - a lightning rod (inert)
 T - a tin of tremorstones (2/2)


   Skills:
 - Level 22.0 Fighting
 - Level 19.0 Axes
 - Level 16.0 Armour
 * Level 8.9 Dodging
 - Level 4.0 Shields
 - Level 5.0 Spellcasting
 + Level 0.9 Summonings
 - Level 6.0 Translocations
 - Level 7.0 Earth Magic
 - Level 15.3 Evocations
 * Level 5.7 Shapeshifting


You had 18 spell levels left.
You knew the following spells:

 Your Spells              Type           Power      Damage    Failure   Level
a - Blink                 Tloc           20%        N/A       7%          2
b - Passwall              Erth           11%        N/A       9%          3
c - Summon Forest         Summ/Tloc      3%         N/A       98%         5

Your spell library contained the following spells:

 Spells                   Type           Power      Damage    Failure   Level
 Sandblast                Erth           22%        2d7       3%          1
 Lesser Beckoning         Tloc           20%        N/A       7%          2
 Momentum Strike          Conj/Tloc      10%        3d8       22%         2
 Summon Small Mammal      Summ           12%        N/A       36%         1
 Stone Arrow              Conj/Erth      12%        3d7       36%         3
 Kiss of Death            Conj/Necr      4%         2d5       45%         1
 Necrotise                Necr           4%         1d4       45%         1
 Shock                    Conj/Air       4%         1d3       45%         1
 Sting                    Conj/Alch      4%         1d3       45%         1
 Ensorcelled Hibernation  Hex/Ice        2%         N/A       61%         2
 Jinxbite                 Hex            2%         N/A       61%         2
 Mercury Vapours          Alch/Air       2%         N/A       61%         2
 Static Discharge         Conj/Air       2%         3-4/arc   61%         2
 Lee's Rapid Deconstruct  Erth           5%         3d6*      63%         5
 Animate Armour           Summ/Erth      14%        N/A       71%         4
 Call Canine Familiar     Summ           3%         N/A       73%         3
 Brom's Barrelling Bould  Conj/Erth      6%         2d3       77%         4
 Leda's Liquefaction      Alch/Erth      3%         N/A       77%         4
 Petrify                  Alch/Erth      6%         N/A       77%         4
 Confusing Touch          Hex            1%         N/A       83%         3
 Fugue of the Fallen      Necr           1%         N/A       83%         3
 Sigil of Binding         Hex            1%         N/A       83%         3
 Swiftness                Air            1%         N/A       83%         3
 Dimensional Bullseye     Hex/Tloc       2%         N/A       83%         4
 Iskenderun's Mystic Bla  Conj/Tloc      5%         2d3       83%         4
 Vhi's Electric Charge    Tloc/Air       10%        N/A       83%         4
 Airstrike                Air            0%         2d(1-17)  99%         4
 Anguish                  Hex/Necr       0%         N/A       99%         4
 Cause Fear               Hex            0%         N/A       99%         4
 Dispel Undead            Necr           1%         3d6       99%         4
 Fulminant Prism          Conj/Alch      0%         3d5       99%         4
 Sticky Flame             Fire/Alch      1%         2d4       99%         4
 Summon Blazeheart Golem  Fire/Summ      2%         N/A       99%         4
 Summon Lightning Spire   Summ/Air       2%         N/A       99%         4
 Arcjolt                  Conj/Air       0%         1d10      100%        5
 Fireball                 Conj/Fire      0%         3d3       100%        5
 Metabolic Englaciation   Hex/Ice        0%         N/A       100%        5
 Yara's Violent Unravell  Hex/Alch       0%         3d3       100%        5
 Dispersal                Tloc           5%         N/A       100%        6
 Eringya's Noxious Bog    Alch           0%         4d6       100%        6
 Permafrost Eruption      Ice/Erth       3%         2x4d2     100%        6
 Plasma Beam              Fire/Air       0%         2x1d10    100%        6
 Enfeeble                 Hex            0%         N/A       100%        7
 Summon Hydra             Summ           1%         N/A       100%        7
 Ignition                 Fire           0%         3d3       100%        8
 Maxwell's Capacitive Co  Air            0%         ∞         100%        8
 Dragon's Call            Summ           1%         N/A       100%        9


Dungeon Overview and Level Annotations

Branches:
Dungeon (15/15) Temple (0/1) D:6 Lair (5/5) D:8 Shoals (4/4) Lair:2 Snake (4/4) Lair:2 Slime (0/5) Lair:5 Orc (2/2) D:11 Elf (0/3) Orc:2 Vaults (0/5) D:12 D:13 Depths (1/4) D:15 Sewer (visited) Ossuary (visited) Bailey (visited) IceCv (visited) Gauntlet (visited)

Altars:
Ashenzari
Cheibriados
Dithmenos
Elyvilon
Gozag
Hepliaklqana
Kikubaaqudgha
Makhleb
Okawaru
Qazlal
Sif Muna
Trog
Uskayaw
Vehumet
Xom
Zin
The Shining One
Jiyva

Shops:
D:4 [!:(   D:5 !   D:6 :   Orc:2 *![(!   Shoals:1 !   Shoals:2 *
Snake:1 ((*:=

Portals:
Hell: Depths:1

Annotations:
D:3 Grinder
Depths:1 Mara, Norris


Innate Abilities, Weirdness & Mutations

You have a pair of horns on your head.
You reflexively headbutt those who attack you in melee.


Message History

Norris hits you with a +0 demon trident!!
* * * LOW HITPOINT WARNING * * *
You are afflicted by dizzying energies!
You are confused.
Unknown command.
Mara says, "I mislead the hearts of men!"
Mara hits you from afar with a +7 demon trident of electrocution!
* * * LOW HITPOINT WARNING * * *
Mara misses you. Norris completely misses you.
Unknown command.
You are too confused!
You're too confused to move!
DeathSun's illusion barely misses you.
Mara blinks!
Mara hits you from afar with a +7 demon trident of electrocution!!
* * * LOW HITPOINT WARNING * * *
Mara blinks!
You feel much better.
DeathSun's illusion hits you but does no damage.
Norris hits you with a +0 demon trident!!
* * * LOW HITPOINT WARNING * * *
You are afflicted by dizzying energies!
You are more confused.
Mara splashes around in the water.
Mara completely misses you.
Okay, then.
Okay, then.
You are too confused!
DeathSun's illusion barely misses you.
Mara splashes around in the water.
Mara's face changes twice.
Mara gestures at you. The bolt of fire hits you! You resist.
* * * LOW HITPOINT WARNING * * *
The tree burns like a torch!
You are too confused!
You feel better. DeathSun's illusion hits you!
* * * LOW HITPOINT WARNING * * *
Norris invokes the aid of something beyond life against you.
The torrent of water hits you!!
You die...
Norris says, "I'll see you on the other side, friend."
Your body crumbles into a pile of gold.

## .# ##.###
+###∩.~~#
######~$$..~#
##R~R##.$...~#
#~~§@.§R♣....#
##@@.##.........
######.#..~~≈~..
.###....~... ..
RR...~~~~ .♣.
.R##.~... ..


You could see Norris, 3 Maras and DeathSun's illusion (fast).

Vanquished Creatures
  Jorgrun (Orc:1)
  An Ice Fiend (IceCv)
  Polyphemus (Shoals:2)
  Aizul (Snake:3)
  Donald (Shoals:2)
  Ilsuiw (Shoals:3)
  Louise (D:14)
  7 nagarajas
  2 orc warlords
  A cacodemon (Gauntlet)
  A stone giant (Depths:1)
  A very ugly thing (D:15)
  A formless jellyfish (Shoals:4)
  A minotaur (Gauntlet)
  A green death (Gauntlet)
  11 merfolk javelineers
  An ettin (D:15)
  Josephine (D:10)
  2 jiangshi (Depths:1)
  11 merfolk impalers
  A fire dragon (Depths:1)
  A salamander tyrant (Snake:3)
  2 rakshasas
  Erolcha (D:12)
  9 hydras
  4 catoblepae
  5 boulder beetles
  2 ogre magi (Orc:2)
  3 alligator snapping turtles
  A satyr (Shoals:4)
  5 merfolk avatars
  10 centaur warriors
  16 two-headed ogres
  4 merfolk aquamancers
  6 anacondas
  A deep troll shaman (Lair:5)
  Urug (Orc:2)
  A vampire mage (Depths:1)
  7 shock serpents
  28 death yaks
  13 tengu warriors
  19 naga sharpshooters
  An occultist (D:14)
  13 naga warriors
  A hell knight (D:14)
  8 skysharks
  3 salamander mystics
  7 skeletal warriors
  19 sea snakes
  5 spriggan simulacra
  An arcanist (Gauntlet)
  11 mana vipers
  A bog body (IceCv)
  2 deep trolls
  6 naga ritualists
  2 orc knights
  2 obsidian statues
  10 deep elf pyromancers
  2 lindwurms
  5 harpies
  7 fauns
  5 ugly things
  A deep elf zephyrmancer (D:14)
  An orc sorcerer (Orc:2)
  5 cyclopes
  16 salamanders
  3 kobold blastminers
  11 manticores
  38 black mambas
  5 water nymphs
  A torpor snail (Lair:2)
  26 elephants
  A black mamba (shapeshifter) (D:13)
  An eye of devastation (Gauntlet)
  14 naga magi
  14 guardian serpents
  8 merfolk sirens
  4 unseen horrors
  7 cane toads
  2 gargoyles (D:13)
  2 orange demons (Gauntlet)
  4 freezing wraiths (IceCv)
  10 komodo dragons
  5 kobold demonologists (D:14)
  3 rime drakes
  2 anaconda simulacra (IceCv)
  9 ice devils (IceCv)
  2 efreet (D:13)
  A yaktaur (D:13)
  7 tengu conjurers
  2 golden dragon simulacra (IceCv)
  33 merfolk
  15 trolls
  2 wind drakes
  7 polar bears
  3 alligator simulacra
  A hornet (D:10)
  15 blink frogs
  13 dream sheep (Lair:5)
  A glass eye (Gauntlet)
  7 snapping turtles
  Sigmund (D:2)
  17 slime creatures
  5 water elementals
  10 wraiths
  2 shadows (D:10)
  53 yaks
  A vampire (D:13)
  8 wyverns
  16 humans
  5 vampire mosquitoes (D:13)
  4 basilisks
  A warg (shapeshifter) (D:13)
  3 wargs
  A golden eye (Gauntlet)
  Menkaure (D:5)
  6 minotaur simulacra
  2 acid dragons
  16 water moccasins
  2 harpy simulacra
  50 nagas
  An acid dragon (shapeshifter) (D:15)
  23 orc warriors
  2 sky beasts
  10 black bears
  3 laughing skulls (D:13)
  An ice beast (D:5)
  A tengu (shapeshifter) (D:13)
  18 ogres
  19 wolves
  15 centaurs
  3 phantoms
  An elf zombie (Ossuary)
  18 bullfrogs
  Blork the orc (D:5)
  3 kobold brigands
  6 scorpions
  15 deep troll simulacra
  9 wights
  4 lindwurm simulacra
  4 electric eels
  3 howler monkeys (D:11)
  A human zombie (Ossuary)
  A bombardier beetle (D:6)
  2 hounds
  12 orc priests
  17 jellies
  3 sleepcaps
  Terence (D:3)
  3 iguanas
  14 orc wizards
  A hound zombie (Ossuary)
  5 mummies
  Robin (D:3)
  8 gnolls
  11 adders
  6 river rats (Sewer)
  A shadow imp (Gauntlet)
  3 white imps
  A dart slug (D:10)
  72 orcs
  7 bats
  7 endoplasms
  4 giant cockroaches
  2 gnoll zombies (Ossuary)
  32 goblins
  14 hobgoblins
  2 jackals (D:1)
  22 kobolds
  8 quokkas
  18 ball pythons
  6 frilled lizards
  3 goblin zombies (Ossuary)
  A hobgoblin zombie (Ossuary)
  A kobold zombie (Ossuary)
  26 rats
  2 rat zombies (Ossuary)
1283 creatures vanquished.

Vanquished Creatures (collateral kills)
  A two-headed ogre (D:9)
  2 skysharks (Depths:1)
3 creatures vanquished.

Vanquished Creatures (others)
  A mana viper (Snake:4)
  An arcanist (D:4)
  A wolf spider simulacrum (D:13)
  An ogre (Orc:2)
  An orc wizard (Orc:2)
  A white imp (Gauntlet)
6 creatures vanquished.

Grand Total: 1292 creatures vanquished

Notes
Turn   | Place    | Note
-------+----------+-------------------------------------------
     0 | D:1      | DeathSun the Minotaur Fighter began the quest for the Orb.
     0 | D:1      | Reached XP level 1. HP: 19/19 MP: 0/0
    97 | D:1      | Reached XP level 2. HP: 23/27 MP: 1/1
   411 | D:1      | Reached XP level 3. HP: 33/33 MP: 2/2
   987 | D:2      | Noticed Sigmund
   995 | D:2      | Killed Sigmund
   996 | D:2      | Reached XP level 4. HP: 13/40 MP: 3/3
   996 | D:2      | Reached XP level 5. HP: 15/46 MP: 4/4
  1190 | D:2      | Found a faded altar of an unknown god.
  1404 | D:2      | You fall into a shaft and drop 2 floors!
  1788 | D:3      | Noticed Robin
  1807 | D:3      | Killed Robin
  1834 | D:3      | Noticed Grinder
  1907 | D:3      | Found an opulent altar of Gozag.
  1945 | D:3      | Became a worshipper of Gozag Ym Sagoz the Greedy
  1979 | D:3      | Noticed Terence
  1985 | D:3      | Killed Terence
  1986 | D:3      | Reached XP level 6. HP: 48/52 MP: 5/5
  2427 | D:4      | Found Sutetena's Antique Weapon Boutique.
  2734 | D:4      | Found a bloodstained altar of Trog.
  2736 | D:4      | Noticed a wizard
  2742 | D:4      | Killed a wizard
  2765 | D:4      | Found Kuemnul's Distillery.
  2769 | D:4      | Bought a potion of haste for 120 gold pieces
  2962 | D:4      | Reached XP level 7. HP: 57/58 MP: 6/6
  2978 | D:4      | Found a shimmering blue altar of Sif Muna.
  3069 | D:4      | Found Lorot's Antique Armour Emporium.
  3703 | D:4      | Identified the +6 long sword of a treasure trove {heavy,
                  | rPois rC+++}
  3715 | D:4      | Found Orolom's Book Shop.
  3731 | D:4      | Upgraded the game from 0.32-a0-572-g3e1049bc92 to
                  | 0.32-a0-696-g5fa0bccb63
  3885 | D:5      | Entered Level 5 of the Dungeon
  3897 | D:5      | Reached skill level 10 in Axes
  4002 | D:5      | Noticed Menkaure
  4198 | D:5      | Reached XP level 8. HP: 52/66 MP: 7/7
  4235 | D:5      | Found a glowing drain.
  4260 | Sewer    | Entered a sewer
  4861 | D:5      | Killed Menkaure
  5033 | D:5      | Got the Octavo of Virulence
  5074 | D:5      | Identified the +0 cloak "Yskecsop" {rF+ Int+3}
  5196 | D:5      | Found Xiuxasch's Distillery.
  5202 | D:5      | Bought a potion of haste for 120 gold pieces
  5202 | D:5      | Bought 2 potions of haste for 240 gold pieces
  5202 | D:5      | Bought a potion of curing for 36 gold pieces
  5202 | D:5      | Bought a potion of heal wounds for 60 gold pieces
  5249 | D:5      | Found a shimmering altar of Xom.
  5335 | D:5      | Noticed Blork the orc
  5341 | D:5      | Killed Blork the orc
  5699 | D:6      | Found Fatiukla's Book Boutique.
  5699 | D:6      | Noticed a walking crystal tome
  5699 | D:6      | Noticed a walking crystal tome
  5737 | D:6      | Reached XP level 9. HP: 47/71 MP: 8/8
  5989 | D:6      | Found a glowing golden altar of the Shining One.
  6291 | D:7      | Found a sand-covered staircase.
  6303 | Ossuary  | Entered an ossuary
  6325 | Ossuary  | Reached skill level 15 in Axes
  6977 | D:7      | Found a stormy altar of Qazlal.
  7533 | D:8      | Reached skill level 4 in Fighting
  7556 | D:8      | Found a flagged portal.
  7562 | Bailey   | Entered a bailey
  7666 | Bailey   | Reached skill level 5 in Fighting
  7683 | Bailey   | Noticed an orc warlord
  7705 | Bailey   | Reached XP level 10. HP: 44/83 MP: 9/9
  7716 | Bailey   | Killed an orc warlord
  7717 | Bailey   | Reached skill level 7 in Fighting
  7717 | Bailey   | Reached skill level 5 in Armour
  8219 | D:8      | Reached skill level 8 in Fighting
  8306 | D:8      | Found a staircase to the Lair.
  8332 | D:8      | Reached skill level 1 in Evocations
  8581 | D:8      | Reached skill level 9 in Fighting
  8611 | D:8      | Reached XP level 11. HP: 58/97 MP: 10/10
  8831 | D:8      | Found a hazy altar of Hepliaklqana.
  8939 | D:8      | Found a radiant altar of Vehumet.
  8977 | D:8      | Found a burning altar of Makhleb.
  9391 | D:9      | Noticed a two-headed ogre
  9426 | D:9      | Killed a two-headed ogre
  9427 | D:9      | Reached skill level 10 in Fighting
  9565 | D:9      | Found a white marble altar of Elyvilon.
  9974 | D:10     | Entered Level 10 of the Dungeon
 10040 | D:10     | Noticed Josephine
 10055 | D:10     | Killed Josephine
 10373 | D:10     | Noticed a five-headed hydra
 10442 | D:8      | Acquired the +2 pair of slick slippers {slick, slippery,
                  | EV+4}
 10442 | D:8      | Found the +2 pair of slick slippers {slick, slippery, EV+4}
 10452 | Lair:1   | Entered Level 1 of the Lair of Beasts
 10515 | Lair:1   | Noticed a death yak
 10515 | Lair:1   | Noticed a death yak
 10526 | Lair:1   | Noticed a death yak
 10535 | D:8      | Killed a death yak
 10592 | Lair:1   | Noticed a death yak
 10592 | Lair:1   | Noticed a death yak
 10593 | Lair:1   | Noticed a death yak
 10599 | D:8      | Killed a death yak
 10600 | D:8      | Reached skill level 11 in Fighting
 10669 | D:8      | Killed a death yak
 10739 | D:8      | Killed a death yak
 10858 | D:8      | Killed a death yak
 10865 | D:8      | Killed a death yak
 11018 | Lair:1   | Reached XP level 12. HP: 99/111 MP: 11/11
 11133 | Lair:1   | Reached skill level 12 in Fighting
 11675 | Lair:1   | Reached skill level 5 in Evocations
 11781 | Lair:1   | Reached skill level 13 in Fighting
 12049 | Lair:2   | Found a gate leading to a gauntlet.
 12058 | Gauntlet | Entered a Gauntlet
 12058 | Gauntlet | Found a transporter.
 12061 | Gauntlet | Found a transporter.
 12062 | Gauntlet | Found a transporter.
 12062 | Gauntlet | Found a transporter.
 12119 | Gauntlet | Reached skill level 10 in Armour
 12123 | Gauntlet | Found a transporter.
 12124 | Gauntlet | Found a transporter.
 12126 | Gauntlet | Found a transporter.
 12129 | Gauntlet | Noticed a cacodemon
 12141 | Gauntlet | Found a transporter.
 12141 | Gauntlet | Found a transporter.
 12141 | Gauntlet | Found a transporter.
 12154 | Gauntlet | Killed a cacodemon
 12166 | Gauntlet | Identified the ring "Jomelis" {+Blink Fly rF- rN+ Str-4}
 12233 | Gauntlet | Found a transporter.
 12234 | Gauntlet | Found a transporter.
 12234 | Gauntlet | Found a transporter.
 12236 | Gauntlet | Noticed a green death
 12241 | Gauntlet | Identified the +0 pair of boots of the Vacuum {rC+ rN+}
 12280 | Gauntlet | Found a transporter.
 12290 | Gauntlet | Killed a green death
 12295 | Gauntlet | Reached skill level 14 in Fighting
 12469 | Gauntlet | Noticed a minotaur
 12477 | Gauntlet | Killed a minotaur
 12692 | Lair:2   | Noticed a seven-headed hydra
 12704 | Lair:2   | Killed a four-headed hydra
 12791 | Lair:2   | Reached XP level 13. HP: 110/124 MP: 12/12
 13240 | Lair:2   | Found a staircase to the Snake Pit.
 13391 | Lair:2   | Found a staircase to the Shoals.
 14069 | Lair:3   | Reached skill level 15 in Fighting
 14729 | Lair:3   | Got the Opusculum on Hazy Hexes
 15383 | Lair:4   | Found a hide-covered altar of Uskayaw.
 15572 | Lair:4   | Reached skill level 16 in Fighting
 15933 | Lair:5   | Entered Level 5 of the Lair of Beasts
 16002 | Lair:5   | Reached XP level 14. HP: 118/137 MP: 13/13
 16105 | Lair:5   | Found a staircase to the Slime Pits.
 16107 | Lair:5   | Found a viscous altar of Jiyva.
 16128 | Lair:5   | Reached skill level 10 in Evocations
 16381 | Lair:5   | Reached skill level 17 in Fighting
 17448 | Lair:5   | Reached skill level 18 in Fighting
 17759 | Lair:5   | Learned a level 2 spell: Blink
 17763 | Lair:5   | Learned a level 3 spell: Passwall
 17966 | D:10     | Found a broken altar of Ashenzari.
 18041 | D:10     | Reached XP level 15. HP: 143/149 MP: 14/14
 18058 | D:10     | Found a snail-covered altar of Cheibriados.
 18294 | D:10     | Found an iron altar of Okawaru.
 18491 | D:10     | Found a glowing silver altar of Zin.
 18491 | D:10     | Found a shadowy altar of Dithmenos.
 18684 | D:11     | Found a staircase to the Orcish Mines.
 18926 | D:11     | Reached skill level 1 in Spellcasting
 19116 | D:11     | Reached skill level 1 in Earth Magic
 19129 | D:11     | Reached skill level 1 in Translocations
 19792 | D:12     | Noticed Erolcha
 19878 | D:12     | Killed Erolcha
 20501 | D:13     | Found a gate to the Vaults.
 20914 | D:13     | Found an ancient bone altar of Kikubaaqudgha.
 21072 | D:13     | Identified the +6 war axe of Disarray {vamp, Will+ Str+4
                  | Int-3}
 21353 | D:13     | Reached skill level 19 in Fighting
 21946 | D:14     | Reached XP level 16. HP: 160/160 MP: 20/20
 22027 | D:14     | Noticed Louise
 22062 | D:14     | Killed Louise
 22499 | D:14     | Found a shimmering blue altar of Sif Muna.
 22577 | D:14     | Got the Incunabulum of the Volcano
 22588 | D:14     | Got the Quarto of Vexatious Calefaction
 22606 | D:14     | Got the Atlas of Mud and Leucosis
 22620 | D:14     | Got the Treatise on Grim Destruction
 22652 | D:14     | Noticed a tengu reaver
 22719 | D:15     | Entered Level 15 of the Dungeon
 23546 | D:15     | Found a snail-covered altar of Cheibriados.
 23569 | D:15     | Found a staircase to the Depths.
 23893 | Snake:1  | Entered Level 1 of the Snake Pit
 23979 | Snake:1  | Found Eschiq's Weapon Shop.
 24018 | Snake:1  | Found Ynnaedghy's Jewellery Boutique.
 24018 | Snake:1  | Found Zozealan's Weapon Shop.
 24023 | Snake:1  | Found Wappegixerr's Assorted Antiques.
 24035 | Snake:1  | Bought a potion of heal wounds for 120 gold pieces
 24654 | Snake:1  | Found Suhibeekk's Book Shoppe.
 24868 | Snake:2  | Reached skill level 5 in Spellcasting
 25895 | Snake:3  | Reached skill level 20 in Fighting
 25933 | Snake:3  | Identified the serpent talisman of Tenacity {rElec rF+
                  | Str+2 Dex+2}
 25933 | Snake:3  | Noticed Aizul
 25969 | Snake:3  | Reached XP level 17. HP: 96/170 MP: 23/23
 25980 | Snake:3  | Killed Aizul
 26831 | Snake:3  | Reached skill level 15 in Armour
 27331 | Snake:4  | Entered Level 4 of the Snake Pit
 27622 | Snake:4  | Reached skill level 5 in Earth Magic
 28270 | Snake:3  | Upgraded the game from 0.32-a0-696-g5fa0bccb63 to
                  | 0.32-a0-702-gc29ba85809
 29370 | Snake:4  | Reached skill level 5 in Translocations
 29584 | Snake:4  | Reached skill level 21 in Fighting
 30060 | Snake:4  | Reached XP level 18. HP: 182/182 MP: 24/24
 30178 | Snake:4  | Got a serpentine rune of Zot
 30817 | Orc:1    | Entered Level 1 of the Orcish Mines
 31144 | Orc:2    | Entered Level 2 of the Orcish Mines
 31314 | Orc:2    | Noticed Jorgrun
 31328 | Orc:2    | Noticed Urug
 31340 | Orc:1    | Killed Jorgrun
 31358 | Orc:2    | Killed Urug
 31359 | Orc:2    | Found a staircase to the Elven Halls.
 31577 | Orc:2    | Found a burning altar of Makhleb.
 31609 | Orc:2    | Found Inuh's Assorted Antiques.
 31631 | Orc:2    | Bought a potion of mutation for 200 gold pieces
 31655 | Orc:2    | Found Ymoddem's Distillery.
 31660 | Orc:2    | Found Ulon's Antique Armour Boutique.
 31662 | Orc:2    | Found Lefieqovy's Antique Weapon Shoppe.
 31663 | Orc:2    | Bought a potion of haste for 140 gold pieces
 31670 | Orc:2    | Found Xummuhosag's Distillery.
 31679 | Orc:2    | Bought a potion of resistance for 120 gold pieces
 31681 | Orc:2    | Bought a potion of might for 48 gold pieces
 32165 | Shoals:1 | Entered Level 1 of the Shoals
 32212 | Shoals:1 | Found Poreih's Distillery.
 32223 | Shoals:1 | Reached skill level 15 in Evocations
 32347 | Shoals:1 | Bought a potion of might for 64 gold pieces
 32347 | Shoals:1 | Bought a potion of invisibility for 128 gold pieces
 32347 | Shoals:1 | Bought a potion of haste for 160 gold pieces
 32347 | Shoals:1 | Bought a potion of might for 64 gold pieces
 32347 | Shoals:1 | Bought a potion of magic for 128 gold pieces
 32816 | Shoals:2 | Noticed Donald
 32828 | Shoals:2 | Killed Donald
 32905 | Shoals:2 | Reached skill level 1 in Dodging
 32943 | Shoals:2 | Found Vuerph's Assorted Antiques.
 32952 | Shoals:2 | Bought a potion of haste for 300 gold pieces
 32952 | Shoals:2 | Bought a potion of mutation for 240 gold pieces
 33385 | Shoals:3 | Found a glacial archway.
 33519 | IceCv    | Entered an ice cave
 33774 | IceCv    | Acquired a granite talisman
 33801 | IceCv    | Noticed an Ice Fiend
 33847 | IceCv    | Killed an Ice Fiend
 34180 | IceCv    | Reached skill level 1 in Shapeshifting
 34230 | IceCv    | Reached skill level 22 in Fighting
 34467 | Shoals:3 | Identified the +9 dagger of Shrieking Duty {antimagic, Fly
                  | rF+ rC++ Stlth-}
 34554 | Shoals:3 | Noticed Ilsuiw
 34633 | Shoals:3 | Killed Ilsuiw
 34793 | Shoals:3 | Noticed Polyphemus
 34846 | Shoals:2 | Killed Polyphemus
 35029 | Shoals:3 | Reached skill level 5 in Dodging
 35315 | Shoals:4 | Entered Level 4 of the Shoals
 35461 | Shoals:4 | Reached XP level 19. HP: 35/191 MP: 25/25
 36489 | Shoals:4 | Paralysed by a formless jellyfish for 1 turns
 36613 | Shoals:4 | Reached skill level 5 in Shapeshifting
 36827 | Shoals:4 | Got a barnacled rune of Zot
 37642 | D:15     | Learned a level 5 spell: Summon Forest
 37645 | Depths:1 | Entered Level 1 of the Depths
 37652 | Depths:1 | Found a gateway to Hell.
 37652 | Depths:1 | Noticed Norris
 37711 | Depths:1 | Noticed Mara
 37882 | Depths:1 | Noticed DeathSun's illusion
 37886 | Depths:1 | HP: 7/191 [Mara/+7 demon trident of electrocution (27)]
 37888 | Depths:1 | HP: 1/191 [Mara (illusionary)/bolt of fire (8)]
 37889 | Depths:1 | Killed from afar by Norris

Illustrated notes

Levels and vault maps discovered:
D:1:      lightli_arrival_boilingwater, layout_loops_ring,
          roderic_cross_of_infinity
D:2:      layout_basic, shapermc_ecumenical_altar_hornbeckon,
          minmay_rat_gold_closets, uniq_sigmund
D:3:      layout_loops_cross, nicolae_gozag_seed_capital, uniq_robin,
          uniq_terence, uniq_grinder
D:4:      minmay_evil_eye, layout_loops_corners, mainiacjoe_overflow_paths,
          trog_wizard, serial_glass, glass_columns_b, glass_columns_a,
          serial_shops, shop, shop, nicolae_shop_stone,
          nicolae_shop_tiny_real_fake_doors, roderic_roman_lattice
D:5:      layout_rooms, old_standard_altar, gup_sewer_entry_pipe, serial_shops,
          shop, interstate_on_off, st_stairs_5, uniq_blork_the_orc,
          uniq_menkaure
D:6:      layout_gridville, tso_oasis_becter, temple_statues, serial_shops,
          nicolae_shop_mannequins, serial_bayou_lake_a
D:7:      layout_loops_ring, nicolae_qazlal_scattered_showers,
          gup_ossuary_entry_pyramid
D:8:      layout_loops_ring, mainiacjoe_overflow_alcove_1, marbit_many_paths,
          kennysheep_mini_moat, minmay_lair_entry_grove, enter_bailey_3
D:9:      layout_cave_pools, lemuel_doored_altar, wad_floor_pattern_untrapped,
          kennysheep_donut
D:10:     layout_gridville, kennysheep_slug_shrine, general_overflow_altar,
          kennysheep_okawaru_gauntlet, gammafunk_temple_overflow_wave,
          disabler_island, uniq_josephine
D:11:     old_forge, layout_loops_ring, david_orc_2, grunt_potential
D:12:     layout_long_grid, lightli_fourway_metalbox, uniq_erolcha
D:13:     minmay_quarter_circles, layout_long_grid, david_vaults_3,
          kiku_gazebo_pond_becter
D:14:     evilmike_library_of_no_secrets, layout_irregular_city,
          nicolae_hexahallways, lemuel_flamethrower_3, uniq_louise
D:15:     hangedman_depths_entry_civil_slaughter, layout_rooms,
          lemuel_coloured_pillars_altar, kennysheep_pointless_box,
          serial_library_hellmonk_junction
Lair:1:   layout_chaotic_city, serial_bayou_pond_e, lemuel_fruit_tree,
          grunt_megastairs_3
Lair:2:   beast_lair_carwin_large_3, layout_chaotic_city,
          elwin_shoals_entry_rooms, alex1729_snake_entry_snake,
          gauntlet_entry_generic
Lair:3:   layout_hall_layers
Lair:4:   layout_regular_city, basic_altar
Lair:5:   grunt_lair_end_beastmaster, layout_layer_cave,
          minmay_slime_entry_jelly_boxes, grunt_megastairs_2
Shoals:1: layout_shoals, serial_shops, shop, nicolae_shoals_gull_way
Shoals:2: layout_shoals, serial_shops, nicolae_shop_peninsula, uniq_donald
Shoals:3: layout_shoals, portal_ice_cave_entry_ice_simulacra, uniq_ilsuiw,
          uniq_polyphemus
Shoals:4: shoals_end_simple, layout_shoals
Snake:1:  layout_gridlike, serial_shops, nicolae_shop_tiny_real_fake_doors,
          minmay_shoptagon
Snake:2:  layout_misc_corridors, grunt_megastairs_1
Snake:3:  nicolae_aizul_guard, layout_onion_interference,
          statue_in_the_mist_lemuel, nicolae_snake_gridmaze_squiggle,
          st_stairs_5, nicolae_snake_yet_another_twisty_hallway
Snake:4:  grunt_snake_rune_pools, layout_basic
Orc:1:    layout_diamond_mine
Orc:2:    st_orc_open, layout_caves, serial_shops, shop,
          regret_index_minedec_devilstone, bloody_makhleb, uniq_jorgrun,
          uniq_urug
Depths:1: minmay_octagon_keep, layout_cave_pools, special_room
          [special_room_morgue], hell_entry, nrook_pool_corridor,
          grunt_ministairs_4, onia_ninara_cookie, uniq_mara, uniq_norris,
          uniq_saint_roka

Skill      XL: |  1  2  3  4  5  6  7  8  9 10 11 12 13 14 15 16 17 18 19 |
---------------+----------------------------------------------------------+-----
Axes           | 3 6 7 9 11 13 16 17 18 19 | 19.0
Shields        | 4 |  4.0
Fighting       | 5 9 11 14 16 18 19 20 21 22 | 22.0
Armour         | 4 7 8 10 11 13 14 15 16 | 16.0
Evocations     | 2 4 6 9 11 12 13 14 15 | 15.3
Spellcasting   | 3 5 |  5.0
Earth Magic    | 3 4 5 7 |  7.0
Translocations | 2 4 5 6 |  6.0
Dodging        | 5 8 |  8.9
Shapeshifting  | 3 5 |  5.7
Summonings     | |  0.9

Action                     |  1- 3 |  4- 6 |  7- 9 | 10-12 | 13-15 | 16-18 | 19-21 || total
---------------------------+-------+-------+-------+-------+-------+-------+-------++-------
  Melee: War axe           |    69 |    83 |   440 |    45 |       |   633 |   402 ||  1672
         Headbutt          |     6 |    15 |    67 |    99 |   311 |   427 |    91 ||  1016
         Broad axe         |       |       |       |   427 |  1156 |  1091 |       ||  2674
   Cast: Passwall          |       |       |       |       |       |     1 |       ||     1
 Invoke: Potion Petition   |       |       |     1 |     3 |       |     7 |     2 ||    13
  Evoke: Wand              |       |       |       |     5 |    11 |     5 |       ||    21
         Phantom mirror    |       |       |       |     1 |       |     1 |     1 ||     3
         Lightning rod     |       |       |       |       |       |     9 |     4 ||    13
         Tin of tremorston |       |       |       |       |       |     5 |       ||     5
    Use: Potion            |     1 |     1 |     1 |     2 |       |     8 |     9 ||    22
         Scroll            |       |       |     7 |     9 |    11 |    14 |     3 ||    44
   Stab: Distracted        |       |       |     5 |     1 |    11 |    13 |     3 ||    33
         Petrified         |       |       |       |     1 |     4 |       |       ||     5
         Petrifying        |       |       |       |     1 |     2 |       |       ||     3
         Invisible         |       |       |       |     1 |       |     1 |       ||     2
 Armour: Scale mail        |    49 |    57 |   292 |    13 |       |       |       ||   411
         Plate armour      |       |       |       |   195 |       |       |       ||   195
         Pearl dragon scal |       |       |       |     5 |   584 |  1448 |   358 ||  2395
  Dodge: Dodged            |    31 |    37 |   139 |   155 |   678 |  1012 |   252 ||  2304
  Block: Buckler           |    15 |    14 |    64 |    63 |   180 |   335 |    55 ||   726

Table legend: (Time is in decaauts)
 A = Elapsed time spent in this place.
 B = Non-inter-level travel time spent in this place.
 C = Inter-level travel time spent in this place.
 D = Time resting spent in this place.
 E = Time spent auto-exploring this place.
 F = Levels seen in this place.
 G = Mean time per level.
                   A        B        C        D        E       F      G
               +--------+--------+--------+--------+--------+-----+--------+
         Total |  37293 |  34574 |   2719 |      0 |  25444 |  36 | 1035.9 |
       Dungeon |  15838 |  14335 |   1503 |      0 |  10753 |  15 | 1055.9 |
          Lair |   6480 |   5888 |    592 |      0 |   4665 |   5 | 1296.0 |
        Shoals |   4495 |   4153 |    342 |      0 |   2738 |   4 | 1123.8 |
     Snake Pit |   6388 |   6209 |    179 |      0 |   4600 |   4 | 1597.0 |
  Orcish Mines |   1128 |   1026 |    102 |      0 |    732 |   2 |  564.0 |
        Depths |     99 |     99 |      0 |      0 |      5 |   1 |   99.0 |
         Sewer |    540 |    540 |      0 |      0 |    381 |   1 |  540.0 |
       Ossuary |    374 |    374 |      0 |      0 |    284 |   1 |  374.0 |
        Bailey |    521 |    521 |      0 |      0 |    360 |   1 |  521.0 |
      Ice Cave |    854 |    854 |      0 |      0 |    558 |   1 |  854.0 |
      Gauntlet |    573 |    573 |      0 |      0 |    366 |   1 |  573.0 |
               +--------+--------+--------+--------+--------+-----+--------+

Top non-repeatable levels by time:
 Snake:3: 2361 daAuts
 Snake:4: 2135 daAuts
     D:4: 1842 daAuts
  Lair:5: 1752 daAuts
     D:8: 1747 daAuts
Shoals:4: 1627 daAuts
  Lair:2: 1616 daAuts
Shoals:3: 1443 daAuts
    D:13: 1352 daAuts
    D:11: 1335 daAuts
  Lair:1: 1198 daAuts
    D:10: 1188 daAuts
    D:14: 1054 daAuts
  Lair:3: 1042 daAuts
     D:5: 960 daAuts
